 Dungeon Crawl Stone Soup version 0.23.2-40-g277498a001 (webtiles) character file.

Game seed: 3293224219735057444

77 Deathwalker the Chopper (level 4, 0/33 HPs)
             Began as a Human Skald on Aug 24, 2019.
             Was a Follower of Uskayaw.
             Slain by a leopard gecko (4 damage)
             ... on level 3 of the Dungeon.
             The game lasted 00:12:45 (3438 turns).

Deathwalker the Chopper (Human Skald)               Turns: 3438, Time: 00:12:46

Health: 0/33       AC:  3    Str: 12    XL:     4   Next: 60%
Magic:  7/7        EV: 12    Int: 14    God:    Uskayaw [*.....]
Gold:   143        SH:  0    Dex: 12    Spells: 2/7 levels left

rFire    . . .     SeeInvis .   a - +0 hand axe
rCold    . . .     Gourm    .   (no shield)
rNeg     . . .     Faith    .   b - +0 leather armour
rPois    .         Spirit   .   (no helmet)
rElec    .         Reflect  .   (no cloak)
rCorr    .         Harm     .   (no gloves)
MR       .....                  (no boots)
Stlth    +.........             (no amulet)
HPRegen  0.11/turn              (no ring)
MPRegen  0.10/turn              (no ring)

@: no status effects
A: no striking features
a: Stomp, Renounce Religion


You were on level 3 of the Dungeon.
You worshipped Uskayaw.
Uskayaw was noncommittal.
You were not hungry.

You visited 1 branch of the dungeon, and saw 3 of its levels.

You collected 143 gold pieces.

Inventory:

Hand Weapons
 a - a +0 hand axe (weapon)
Missiles
 f - 16 bolts
 h - 86 stones (quivered)
 l - 6 curare-tipped needles
 m - 20 poisoned needles
 s - 18 sling bullets
Armour
 b - a +0 leather armour (worn)
 u - a +0 cloak
Jewellery
 o - an uncursed amulet of guardian spirit {unknown}
 p - an uncursed amulet of regeneration {unknown}
Scrolls
 c - 2 scrolls of noise {unknown}
 e - a scroll of remove curse {unknown}
 i - 3 scrolls of identify {unknown}
 j - a scroll of blinking
 q - a scroll of immolation {unknown}
 r - a scroll of amnesia {unknown}
 t - a scroll of enchant armour {unknown}
 v - a scroll of teleportation {unknown}
Potions
 g - 3 potions of agility {unknown}
 k - a potion of cancellation {unknown}
 n - a potion of heal wounds {unknown}
 w - a potion of mutation {unknown}
Comestibles
 d - 7 rations


   Skills:
 - Level 2.0 Fighting
 + Level 4.4 Axes
 - Level 1.0 Armour
 - Level 2.0 Dodging
 - Level 2.0 Spellcasting
 - Level 3.0 Charms


You had 2 spell levels left.
You knew the following spells:

 Your Spells              Type           Power        Failure   Level  Hunger
a - Infusion              Chrm           #...         9%          1    ##.....
b - Shroud of Golubria    Chrm/Tloc      #.........   24%         2    ###....
c - Song of Slaying       Chrm           #.......     13%         2    ###....

Your spell library contained the following spells:

 Spells                   Type           Power        Failure   Level  Hunger
 Regeneration             Chrm/Necr      #.........   43%         3    ####...
 Spectral Weapon          Hex/Chrm       #.......     43%         3    ####...


Dungeon Overview and Level Annotations

Branches:
Dungeon (3/15)

Altars:
Ru
Uskayaw
Wu Jian
The Shining One


Message History

The leopard gecko hisses menacingly.
The leopard gecko closely misses you.
The leopard gecko bites you but does no damage.
The leopard gecko hisses menacingly.
The leopard gecko bites you.
* * * LOW HITPOINT WARNING * * *
The leopard gecko closely misses you. The leopard gecko closely misses you.
The leopard gecko bites you.
* * * LOW HITPOINT WARNING * * *
You closely miss the leopard gecko.
The leopard gecko hisses menacingly.
The leopard gecko bites you.
* * * LOW HITPOINT WARNING * * *
The leopard gecko closely misses you.
You hit the leopard gecko but do no damage.
The leopard gecko completely misses you.
You hit the leopard gecko but do no damage.
You closely miss the orc. The leopard gecko bites you.
You die...

######..#.....#.######...........
.≈≈≈..#.'........................
≈...≈..#.........................
≈._.≈...#........................
≈...≈..#.##......................
.≈≈≈..#........................^.
######...####.##.................
.............................
.............@l.....o.........
..............o...............
..................###......#
..................# #......#
..................# #....###
.##...............# #....#
#...............# #....#
#........###....# #....#
#........# ###### ######


You could see 2 orcs and a leopard gecko.

Vanquished Creatures
  4 adders
  2 worms (D:2)
  A leopard gecko (D:2)
  An orc (D:3)
  3 giant cockroaches
  3 goblins
  6 hobgoblins
  A ball python (D:2)
  4 bats
  4 frilled lizards
  2 kobolds
  6 rats
37 creatures vanquished.

Notes
Turn   | Place    | Note
-------+----------+-------------------------------------------
     0 | D:1      | Deathwalker the Human Skald began the quest for the Orb.
     0 | D:1      | Reached XP level 1. HP: 16/16 MP: 3/3
   267 | D:1      | Reached XP level 2. HP: 13/22 MP: 5/5
   271 | D:1      | Learned a level 2 spell: Shroud of Golubria
   730 | D:2      | Reached skill level 3 in Axes
   879 | D:2      | Learned a level 2 spell: Song of Slaying
  1148 | D:2      | Reached XP level 3. HP: 19/27 MP: 6/6
  1284 | D:2      | Noticed a +0 dagger
  1284 | D:2      | Noticed a +0 dagger
  1285 | D:2      | Found a hide-covered altar of Uskayaw.
  1310 | D:2      | Became a worshipper of Uskayaw the Reveler
  1477 | D:2      | Reached * piety under Uskayaw
  1673 | D:2      | Found an ornate altar of the Wu Jian Council.
  1701 | D:2      | Reached XP level 4. HP: 13/33 MP: 7/7
  1941 | D:2      | Reached skill level 4 in Axes
  2045 | D:2      | Reached ** piety under Uskayaw
  3083 | D:3      | Found a sacrificial altar of Ru.
  3345 | D:3      | Found a glowing golden altar of the Shining One.
  3438 | D:3      | Slain by a leopard gecko

Skill      XL: |  1  2  3  4 |
---------------+-------------+-----
Axes           | 3 4 |  4.4
Fighting       | |  2.0
Armour         | |  1.0
Dodging        | |  2.0
Spellcasting   | |  2.0
Charms         | |  3.0

Action                   |  1- 3 |  4- 6 || total
-------------------------+-------+-------++-------
Melee: Hand axe          |   107 |    86 ||   193
Throw: Stone             |       |     6 ||     6
 Cast: Shroud of Golubri |     7 |     8 ||    15
       Infusion          |     2 |       ||     2
  Use: Scroll            |     1 |       ||     1
  Eat: Chunk             |     2 |     4 ||     6
       Ration            |       |     1 ||     1
Armor: Leather armour    |    29 |    14 ||    43
Dodge: Dodged            |    75 |    67 ||   142
